 Dungeon Crawl Stone Soup version 0.32-a0-18-g89e19f1974 (webtiles) character file.

Game seed: 1283427691066802058

42 LeprechaunX the Changeling (level 3, -4/23 HPs)
             Began as an Octopode Shapeshifter on Jan 16, 2024.
             Splashed by a jelly's acid (11 damage)
             ... on level 2 of the Dungeon.
             The game lasted 00:01:05 (931 turns).

LeprechaunX the Changeling (Octopode Shapeshifter)   Turns: 931, Time: 00:01:05

Health: -4/23      AC: -3    Str: 13    XL:     3   Next: 54%
Magic:  3/3        EV: 13    Int: 12    God:
Gold:   76         SH:  0    Dex: 13    Spells: 2/2 levels left

rFire   . .          .
                       - Unarmed
rCold   . . .        (no shield)
rNeg    . . .        (helmet currently unavailable)
rPois   .            (no amulet)
rElec   .            (no ring)
rCorr   .            (no ring)
SInv    .            (no ring)
Will    .....        (no ring)
Stlth   ++           (no ring)
HPRegen 0.23/turn    (no ring)
MPRegen 0.08/turn    (no ring)
                     (no ring)

%: no passive effects
@: beast-form, corroded
A: beast (slay +2), almost no armour, amphibious, 8 rings, camouflage 1,
gelatinous body 1, (nimble swimmer 1), tentacles
a: Begin Untransformation


You were on level 2 of the Dungeon.
You were a hulking beast.
You visited 1 branch of the dungeon, and saw 2 of its levels.

You collected 76 gold pieces.

Inventory:

Magical Staves
 f - a staff of conjuration
Talismans
 b - a beast talisman
 c - a flux talisman
Scrolls
 h - a scroll of vulnerability {unknown}
 i - 2 scrolls of identify {unknown}
 l - a scroll of acquirement {unknown}
 m - a scroll of poison {unknown}
Potions
 a - a potion of lignification
 d - a potion of cancellation {unknown}
 e - a potion of heal wounds {unknown}
 g - a potion of invisibility {unknown}
 j - a potion of attraction {unknown}
 k - a potion of resistance {unknown}


   Skills:
 + Level 1.6 Fighting
 + Level 2.4 Dodging
 + Level 3.3 Unarmed Combat
 * Level 3.5 Shapeshifting


You had 2 spell levels left.
You didn't know any spells.
Your spell library contained the following spells:

 Spells                   Type           Power      Damage    Failure   Level
 Tukima's Dance           Hex            0%         N/A       69%         3
 Passage of Golubria      Tloc           0%         N/A       97%         4
 Yara's Violent Unravell  Hex/Alch       0%         3d3       100%        5


Dungeon Overview and Level Annotations

Branches:
Dungeon (2/15)

Altars:


Innate Abilities, Weirdness & Mutations

You are a hulking beast.
Your limbs bulge with bestial killing power. (Slay +2)
You cannot wear most types of armour.
You are amphibious.
You can wear up to eight rings at the same time.
Your skin changes colour to match your surroundings (Stealth+).
Your rubbery body absorbs attacks. (AC +1, EV +1)
((You are camouflaged when in or above water. (Stealth+)))
You have tentacles for arms and can constrict up to eight enemies at once.


Message History

You are caught in a web!
You struggle to detach yourself from the web.
You constrict the kobold. The kobold hits you with a +0 dagger.
The ribbon worm expels a string of sticky webbing.
The stream of webbing hits you but does no damage.
You are even more entangled.
You struggle to detach yourself from the web.
You constrict the kobold, but do no damage.
The kobold completely misses you.
A jelly comes into view.
The web tears apart.
You constrict the kobold.
You kill the kobold!
The hobgoblin hits you with a staff of fire.
You closely miss the hobgoblin.
The jelly quivers.
You grab the hobgoblin. You squeeze the hobgoblin.
You kill the hobgoblin!
Unknown command.
You tentacle-slap the ribbon worm. You grab the ribbon worm.
The ribbon worm is lightly wounded.
You constrict the ribbon worm, but do no damage.
The ribbon worm bites you.
You tentacle-slap the ribbon worm.
The ribbon worm is moderately wounded.
You constrict the ribbon worm, but do no damage.
The ribbon worm barely misses you.
Unknown command.
You tentacle-slap the ribbon worm.
The ribbon worm is heavily wounded.
You constrict the ribbon worm.
Unknown command.
You bludgeon the ribbon worm!
You kill the ribbon worm!
Unknown command.
You see here a ball python corpse.
You tentacle-slap the jelly. The acid corrodes you!
Your tentacles burn!
You squeeze the jelly, but do no damage.
The jelly is moderately wounded.
The jelly hits you.
You are splashed with acid!
You die...

##......... .......... #
.......... #. .........
.###. .........
.....##........ ..#
#..|)....... ## #...
#..†J....$... .###.....
#...h........
..#.....#.###............
..#..#..[................
........................
...[.................#.#
.#...................# .
.....................#
##...#.>.....#.#...#.#
.....# ##.#.#..#...#...


You could see a jelly.

Vanquished Creatures
  An adder (D:2)
  A ribbon worm (D:2)
  2 endoplasms (D:1)
  4 hobgoblins
  3 jackals (D:1)
  4 ball pythons
  4 bats (D:1)
  2 frilled lizards (D:1)
  3 goblins
  4 kobolds
  2 rats
30 creatures vanquished.

Notes
Turn   | Place    | Note
-------+----------+-------------------------------------------
     0 | D:1      | LeprechaunX the Octopode Shapeshifter began the quest for
                  | the Orb.
     0 | D:1      | Reached XP level 1. HP: 13/13 MP: 1/1
   190 | D:1      | Reached XP level 2. HP: 18/18 MP: 2/2
   879 | D:2      | Reached XP level 3. HP: 23/23 MP: 3/3
   931 | D:2      | Splashed by a jelly's acid

Illustrated notes

Levels and vault maps discovered:
D:1:      wheals_arrival_linesprint, layout_basic, grunt_decor_arrowhead,
          minmay_small_reverse_x
D:2:      layout_rooms

Action                     || total
---------------------------++-------
  Melee: Unarmed           ||    59
         Constrict         ||    16
         Tentacles         ||     7
         Punch             ||     1
   Stab: Sleeping          ||     5
         Distracted        ||     1
 Armour: Skin              ||    34
  Dodge: Dodged            ||    45

Table legend: (Time is in decaauts)
 A = Elapsed time spent in this place.
 B = Non-inter-level travel time spent in this place.
 C = Inter-level travel time spent in this place.
 D = Time resting spent in this place.
 E = Time spent auto-exploring this place.
 F = Levels seen in this place.
 G = Mean time per level.
                   A        B        C        D        E       F      G
               +--------+--------+--------+--------+--------+-----+--------+
         Total |    928 |    874 |     54 |      8 |    669 |   2 |  464.0 |
       Dungeon |    928 |    874 |     54 |      8 |    669 |   2 |  464.0 |
               +--------+--------+--------+--------+--------+-----+--------+

Top non-repeatable levels by time:
     D:1: 841 daAuts
     D:2: 86 daAuts
